 Dungeon Crawl Stone Soup version 0.30.1-3-gfc49f6343a (webtiles) character file.

Game seed: 15115621541176083185

19588 growler the Earth Mage (level 12, -22/79 HPs)
             Began as a Gargoyle Earth Elementalist on July 18, 2023.
             Was an Elder of Vehumet.
             Killed by Lee's Rapid Deconstruction
             ... invoked by Jorgrun
              (29 damage)
             ... on level 14 of the Dungeon.
             The game lasted 00:50:07 (12886 turns).

growler the Earth Mage (GrEE)                      Turns: 12886, Time: 00:50:07

Health: -22/79     AC: 17    Str: 12    XL:     12   Next: 70%
Magic:  31/31      EV: 14    Int: 21    God:    Vehumet [****..]
Gold:   736        SH:  0    Dex: 10    Spells: 19/25 levels left

rFire   . . .        r - staff of conjuration
rCold   . . .        (no shield)
rNeg    + . .        a - +0 robe
rPois   ∞            c - +1 helmet
rElec   +            H - +1 cloak {Will+}
rCorr   .            C - +2 pair of gloves
SInv    +            (no boots)
Will    +....        x - amulet of magic regeneration
Stlth   ++           z - ring of magical power
HPRegen 0.33/turn    L - ring of see invisible
MPRegen 0.62/turn

%: no passive effects
@: no status effects
A: sickness immunity, AC +8, negative energy resistance 1, electricity
resistance, torment resistance 1, petrification resistance
a: Renounce Religion


You were on level 14 of the Dungeon.
You worshipped Vehumet.
Vehumet was greatly pleased with you.
You visited 2 branches of the dungeon, and saw 16 of its levels.

You collected 736 gold pieces.

Inventory:

Armour
 a - a +0 robe (worn)
 c - a +1 helmet (worn)
 C - a +2 pair of gloves (worn)
 H - a +1 cloak of willpower (worn)
Magical Staves
 r - a staff of conjuration (weapon)
Jewellery
 q - a ring of ice
 x - an amulet of magic regeneration (around neck)
 y - a ring of flight
 z - a ring of magical power (left hand)
 K - an amulet of faith
 L - a ring of see invisible (right hand)
 P - a ring of positive energy
Wands
 h - a wand of quicksilver (1)
 F - a wand of paralysis (18)
 G - a wand of roots (7)
 M - a wand of flame (10)
 N - a wand of polymorph (13)
Scrolls
 d - 5 scrolls of noise
 l - a scroll of torment {unknown}
 n - 3 scrolls of summoning {unknown}
 o - a scroll of fog
 p - 2 scrolls of amnesia
 s - a scroll of fear
 u - a scroll of poison {unknown}
 v - 3 scrolls of blinking {unknown}
 w - a scroll of vulnerability {unknown}
 B - 2 scrolls of silence
 E - 2 scrolls of immolation {unknown}
 J - a scroll of enchant armour {unknown}
 O - a scroll of identify
Potions
 b - a potion of magic
 e - 7 potions of mutation
 f - a potion of ambrosia
 g - 2 potions of attraction
 i - 5 potions of heal wounds {unknown}
 j - 2 potions of resistance
 k - a potion of might
 m - 2 potions of haste
 t - 3 potions of curing
 D - 4 potions of brilliance
 I - a potion of cancellation
 Q - 2 potions of invisibility {unknown}


   Skills:
 + Level 10.9 Fighting
 + Level 7.3 Dodging
 - Level 2.1 Stealth
 - Level 7.0 Spellcasting
 - Level 5.0 Conjurations
 - Level 0.7 Transmutations
 + Level 16.3 Earth Magic


You had 19 spell levels left.
You knew the following spells:

 Your Spells              Type           Power      Damage    Failure   Level
a - Sandblast             Erth           100%       2d20      0%          1
b - Passwall              Tmut/Erth      35%        N/A       1%          2
c - Stone Arrow           Conj/Erth      100%       3d13      1%          3

Your spell library contained the following spells:

 Spells                   Type           Power      Damage    Failure   Level
 Olgreb's Toxic Radiance  Pois           7%         N/A       22%         4
 Foxfire                  Conj/Fire      100%       2x1d9     1%          1
 Kiss of Death            Conj/Necr      100%       2d13      1%          1
 Momentum Strike          Conj/Tloc      52%        3d9       1%          2
 Petrify                  Tmut/Erth      43%        N/A       2%          4
 Poisonous Vapours        Pois/Air       14%        N/A       3%          2
 Scorch                   Fire           14%        2d6       3%          2
 Mephitic Cloud           Conj/Pois/Air  21%        N/A       4%          3
 Inner Flame              Hex/Fire       7%         N/A       7%          3
 Necrotise                Necr           28%        1d5       9%          1
 Blink                    Tloc           14%        N/A       13%         2
 Lesser Beckoning         Tloc           14%        N/A       13%         2
 Confusing Touch          Hex            7%         N/A       26%         3
 Vampiric Draining        Necr           7%         2d6       26%         3
 Freezing Cloud           Conj/Ice/Air   10%        6-21      30%         5
 Anguish                  Hex/Necr       3%         N/A       65%         4
 Dispel Undead            Necr           7%         3d8       65%         4
 Agony                    Necr           7%         N/A       94%         5
 Discord                  Hex            3%         N/A       100%        8


Dungeon Overview and Level Annotations

Branches:
Dungeon (15/15)            Temple (1/1) D:5            Lair (0/5) D:11
    Orc (0/2) D:11
 Vaults: D:13-14     Depths: D:15

Altars:
Ashenzari
Cheibriados
Dithmenos
Elyvilon
Fedhas
Gozag
Hepliaklqana
Kikubaaqudgha
Makhleb
Nemelex Xobeh
Okawaru
Qazlal
Ru
Sif Muna
Trog
Uskayaw
Vehumet
Wu Jian
Xom
Yredelemnul
Zin
The Shining One

Shops:
D:8 (?[(=   D:9 [

Annotations:
D:10 2 runed translucent doors, Gorgoleon's ghost, journeyman MfGl
D:14 Jorgrun


Innate Abilities, Weirdness & Mutations

You are immune to sickness and miasma.
Your stone body is resilient. (AC +8)
You are immune to poison.
You resist negative energy. (rN+)
You are resistant to electric shocks. (rElec)
You are resistant to unholy torment.
You are immune to petrification.


Message History

Aim: a centaur, wielding a +0 shortbow (heavily wounded, 91% to hit)
The blast of sand hits the centaur!!
You kill the centaur!
Vehumet accepts your kill.
You feel your power returning.
You hear a grinding noise.
Found a scroll labelled ZICOSTR IDE CUGG.
The centaur warrior shoots an arrow.
The arrow hits you!
* * * LOW HITPOINT WARNING * * *
You hear a grinding noise.
Casting: Sandblast (safe; 0% risk of failure)
Confirm with . or Enter, or press ? or * to list all spells.
Aiming: Sandblast (safe; 0% risk of failure)
Press: ? - help, Shift-Dir - straight line, f - centaur warrior
Aim: a centaur warrior, wielding a +0 shortbow (89% to hit)
The blast of sand hits the centaur warrior!
The centaur warrior is moderately wounded.
The centaur warrior unwields a +0 shortbow.
The centaur warrior hits you but does no damage.
The centaur warrior completely misses you.
A slime creature comes into view.
The centaur unwields a +0 shortbow.
The centaur closely misses you.
The centaur kicks you but does no damage.
Okay, then.
As you read the scroll of fear, it crumbles to dust.
You assume a fearsome visage.
The centaur warrior looks frightened!
The centaur looks frightened! x3; The slime creature looks frightened!
You hear a grinding noise.
Jorgrun Earthshaker comes into view.
He is wielding a +0 heavy quarterstaff and wearing a +1 robe of fire resistance.
Unknown command.
You see here 13 gold pieces.
A death knight comes into view.
It is wielding a +4 glaive of flaming and wearing a +2 chain mail of willpower.
Okay, then.
You hear a grinding noise.
A slime creature comes into view.
The death knight offers itself to Yredelemnul, and fills with unholy energy.
The sentinel's mark upon you fades away.
Jorgrun gestures at you while chanting.
You shatter!!
You die...

### #.# ######.##
#.p....@# #.####..#
#.####.c#######.#
..............c.#
#.####g.....#######
......J......c....
######..##.#.#####
#...)..c.?
#..##.###.#


You could see Jorgrun, a death knight (reflects damage), a slime creature and a
centaur warrior.

Vanquished Creatures
  A centaur warrior (D:15)
  2 two-headed ogres
  3 boulder beetles
  A tengu warrior (D:15)
  Urug (D:11)
  4 cyclopes
  Joseph (D:8)
  Maurice (D:8)
  2 kobold demonologists (D:10)
  A komodo dragon (D:8)
  6 trolls
  Grinder (D:5)
  A hornet (D:9)
  Sigmund (D:5)
  4 wraiths
  2 wyverns
  3 shadows
  16 yaks
  Eustachio (D:4)
  A basilisk (D:15)
  2 steam dragons (D:8)
  7 vampire mosquitoes
  An acid dragon (D:12)
  Duvessa (D:6)
  A sky beast (D:8)
  9 orc warriors
  2 black bears
  3 ogres
  12 centaurs
  A phantom (D:5)
  3 kobold brigands
  4 bullfrogs
  A gnoll sergeant (D:9)
  A scorpion (D:5)
  6 wights
  Dowan (D:6)
  2 vampire bats (D:4)
  5 howler monkeys
  4 electric eels (D:10)
  2 hounds
  Crazy Yiuf (D:7)
  4 jellies
  A gnoll bouda (D:7)
  6 orc priests
  2 iguanas
  17 orc wizards
  9 gnolls
  11 adders
  2 shadow imps
  2 white imps
  An ufetubus (D:5)
  33 orcs
  10 ball pythons
  3 bat skeletons (D:4)
  A bat zombie (D:4)
  3 endoplasms
  3 giant cockroaches
  4 goblins
  4 hobgoblins
  3 jackals (D:1)
  5 quokkas
  4 bats
  3 frilled lizards
  11 kobolds
  6 rats
270 creatures vanquished.

Notes
Turn   | Place    | Note
-------+----------+-------------------------------------------
     0 | D:1      | growler the Gargoyle Earth Elementalist began the quest for
                  | the Orb.
     0 | D:1      | Reached XP level 1. HP: 10/10 MP: 3/3
   468 | D:1      | Reached skill level 4 in Earth Magic
   468 | D:1      | Reached XP level 2. HP: 15/15 MP: 3/5
   475 | D:1      | Learned a level 2 spell: Passwall
  1018 | D:2      | Reached XP level 3. HP: 19/19 MP: 3/6
  1074 | D:2      | Learned a level 3 spell: Stone Arrow
  1185 | D:2      | Identified the +0 robe of Gravity {rN+ Dex-2 Stlth+}
  1917 | D:3      | Found a faded altar of an unknown god.
  2002 | D:3      | Noticed a centaur
  2008 | D:3      | Killed a centaur
  2009 | D:3      | Reached skill level 5 in Earth Magic
  2009 | D:3      | Reached XP level 4. HP: 17/24 MP: 3/9
  2009 | D:3      | Reached XP level 5. HP: 19/28 MP: 3/10
  2115 | D:3      | Noticed a centaur
  2139 | D:3      | Killed a centaur
  2140 | D:3      | Reached skill level 6 in Earth Magic
  2189 | D:3      | Reached XP level 6. HP: 31/32 MP: 7/12
  2793 | D:4      | Noticed Eustachio
  2807 | D:4      | Killed Eustachio
  2808 | D:4      | Reached skill level 7 in Earth Magic
  2808 | D:4      | Reached XP level 7. HP: 28/36 MP: 2/14
  2913 | D:4      | Reached skill level 5 in Spellcasting
  2945 | D:4      | Found a sacrificial altar of Ru.
  3284 | D:4      | Found an ancient bone altar of Kikubaaqudgha.
  3427 | D:5      | Entered Level 5 of the Dungeon
  3443 | D:5      | Noticed Grinder
  3563 | D:5      | Killed Grinder
  3564 | D:5      | Reached skill level 8 in Earth Magic
  3564 | D:5      | Reached XP level 8. HP: 41/41 MP: 14/17
  3667 | D:5      | Found a staircase to the Ecumenical Temple.
  3702 | Temple   | Entered the Ecumenical Temple
  3936 | Temple   | Became a worshipper of Vehumet
  4010 | D:5      | Found the amulet of Elemental Vulnerability {rPois rF--
                  | rC-- AC+8}
  4087 | D:5      | Found an ornate altar of the Wu Jian Council.
  4128 | D:5      | Found a stormy altar of Qazlal.
  4397 | D:5      | Reached skill level 9 in Earth Magic
  4506 | D:5      | Found a shimmering blue altar of Sif Muna.
  4833 | D:5      | Noticed Sigmund
  4850 | D:5      | Killed Sigmund
  5075 | D:6      | Reached skill level 10 in Earth Magic
  5292 | D:6      | Found an iron altar of Okawaru.
  5340 | D:6      | Reached XP level 9. HP: 38/45 MP: 13/19
  5451 | D:6      | Noticed Duvessa
  5451 | D:6      | Noticed Dowan
  5454 | D:6      | Killed Duvessa
  5455 | D:6      | Reached skill level 11 in Earth Magic
  5462 | D:6      | Killed Dowan
  5970 | D:7      | Found a runed translucent door.
  5971 | D:7      | Noticed Crazy Yiuf
  5976 | D:7      | Killed Crazy Yiuf
  6143 | D:7      | Reached * piety under Vehumet
  6143 | D:7      | Offered knowledge of Foxfire by Vehumet.
  6264 | D:7      | Found a sand-covered staircase.
  6315 | D:7      | Reached skill level 12 in Earth Magic
  6735 | D:8      | Reached skill level 13 in Earth Magic
  6756 | D:8      | Found Leij's Antique Armour Boutique.
  6777 | D:8      | Noticed a komodo dragon
  6780 | D:8      | Killed a komodo dragon
  6803 | D:8      | Reached skill level 14 in Earth Magic
  6811 | D:8      | Found Qaidd's Magic Scroll Boutique.
  6829 | D:8      | Noticed a two-headed ogre
  6830 | D:8      | Found Coeck's Antique Weapon Shop.
  6833 | D:8      | Killed a two-headed ogre
  6834 | D:8      | Reached XP level 10. HP: 50/50 MP: 12/20
  6880 | D:8      | Noticed Joseph
  6889 | D:8      | Killed Joseph
  6890 | D:8      | Reached skill level 15 in Earth Magic
  7012 | D:8      | Found Asarch's Jewellery Shop.
  7181 | D:8      | Found a broken altar of Ashenzari.
  7239 | D:8      | Noticed Maurice
  7242 | D:8      | Killed Maurice
  7375 | D:8      | Found the +6 shillelagh "Devastator" {shatter}
  7393 | D:8      | Found Himy's Weapon Shop.
  7427 | D:8      | Reached skill level 5 in Fighting
  7789 | D:9      | Offered knowledge of Freeze by Vehumet.
  7794 | D:9      | Reached ** piety under Vehumet
  7857 | D:9      | Found a blossoming altar of Fedhas.
  7886 | D:9      | Reached skill level 1 in Conjurations
  7920 | D:9      | Found Ragid's Armour Emporium.
  8431 | D:9      | Got the Precepts of Sizzling Misfortune
  8696 | D:10     | Entered Level 10 of the Dungeon
  8700 | D:10     | Identified the +8 war axe "Bessol" {drain, rN+ Str+3}
  8713 | D:10     | Reached XP level 11. HP: 66/66 MP: 21/21
  9025 | D:10     | Noticed a two-headed ogre
  9035 | D:10     | Killed a two-headed ogre
  9119 | D:10     | Identified the +5 chain mail "Taryr" {Harm Regen+ Str-4}
  9169 | D:10     | Reached skill level 5 in Conjurations
  9170 | D:10     | Offered knowledge of Dazzling Flash by Vehumet.
  9180 | D:10     | Noticed a sun demon
  9407 | D:10     | Reached *** piety under Vehumet
  9471 | D:10     | Found a sparkling altar of Nemelex Xobeh.
  9690 | D:10     | Reached skill level 5 in Dodging
  9692 | D:10     | Noticed a sun demon
  9960 | D:10     | Found a large runed translucent door.
  9960 | D:10     | Found a large runed translucent door.
  9961 | D:10     | Noticed Gorgoleon's ghost (journeyman MfGl)
 10244 | D:11     | Found an opulent altar of Gozag.
 10316 | D:11     | Offered knowledge of Hailstorm by Vehumet.
 10350 | D:11     | Found a staircase to the Orcish Mines.
 10589 | D:11     | Noticed Urug
 10591 | D:11     | Noticed a boulder beetle
 10602 | D:11     | Killed a boulder beetle
 10605 | D:11     | Reached XP level 12. HP: 43/76 MP: 13/22
 10608 | D:11     | Killed Urug
 11118 | D:11     | Found a staircase to the Lair.
 11451 | D:12     | Noticed a boulder beetle
 11462 | D:12     | Killed a boulder beetle
 11463 | D:12     | Reached skill level 10 in Fighting
 11507 | D:12     | Noticed a boulder beetle
 11534 | D:12     | Killed a boulder beetle
 11935 | D:12     | Reached **** piety under Vehumet
 11943 | D:12     | Offered knowledge of Olgreb's Toxic Radiance by Vehumet.
 12000 | D:12     | Reached skill level 16 in Earth Magic
 12333 | D:13     | You fall into a shaft and drop 2 floors!
 12333 | D:15     | Entered Level 15 of the Dungeon
 12357 | D:15     | Noticed a centaur warrior
 12372 | D:15     | Killed a centaur warrior
 12583 | D:15     | Noticed a tengu warrior
 12592 | D:15     | Killed a tengu warrior
 12844 | D:14     | Noticed a centaur warrior
 12874 | D:14     | HP: 3/79 [centaur warrior/arrow (13)]
 12878 | D:14     | Noticed Jorgrun
 12883 | D:14     | Noticed a death knight
 12886 | D:14     | Killed from afar by Jorgrun

Illustrated notes

Levels and vault maps discovered:
D:1:      lightli_arrival_farm, layout_basic
D:2:      layout_loops_ring
D:3:      minmay_diamond_boxcup, layout_basic, nicolae_ecumenical_oubliette,
          st_stairs_13
D:4:      layout_basic, kennysheep_vampire_church,
          nicolae_ru_sacrificial_ziggurat, uniq_eustachio
D:5:      kennysheep_big_flooded_room, layout_loops_ring, lemuel_crystal_altar,
          mainiacjoe_overflow_alcove_1, led_sif_book, minmay_temple_entry_trees,
          kennysheep_dice, uniq_sigmund, uniq_grinder
D:6:      layout_basic, okawaru_gym_becter, uniq_duvessa
D:7:      minmay_klotski, layout_basic, lightli_ossuary_entry_decrepit_ruins,
          uniq_crazy_yiuf_cottage
D:8:      layout_cave_pools, nicolae_ashenzari_panopticon, serial_shops, shop,
          shop_statue, nicolae_shop_hallway_plus,
          nicolae_shop_tiny_statue_garden, shop, uniq_joseph, uniq_maurice
D:9:      layout_basic, fedhas_altar_3, serial_shops,
          nicolae_shop_window_shopping, bh_walls_and_bars
D:10:     minmay_four_partial_circles, layout_basic, nemelex_spade_bored_becter,
          ebering_ghost_disaster_area, reono_crystal_passage,
          serial_bayou_lake_a
D:11:     layout_irregular_city, lair_entry_dummy, david_orc_3,
          grunt_gozag_statues, uniq_urug
D:12:     layout_irregular_city, chequers_decorated_corner
D:13:     layout_roguey, grunt_vaults_entry_fortified, minmay_strange_pillars
D:14:     layout_basic, lemuel_flamethrower_3, uniq_jorgrun
D:15:     grunt_enter_depths_snipers, layout_loops_ring
Temple:   nicolae_temple_figure_eight

Skill      XL: |  1  2  3  4  5  6  7  8  9 10 11 12 |
---------------+-------------------------------------+-----
Earth Magic    | 4 5 6 7 8 10 14 15 16 | 16.3
Spellcasting   | 3 4 6 7 |  7.0
Fighting       | 6 9 10 | 10.9
Dodging        | 3 5 7 |  7.3
Conjurations   | 3 5 |  5.0
Stealth        | |  2.1
Transmutations | |  0.7

Action                     |  1- 3 |  4- 6 |  7- 9 | 10-12 || total
---------------------------+-------+-------+-------+-------++-------
  Melee: Staff             |       |       |       |     1 ||     1
   Cast: Sandblast         |    41 |    40 |    87 |    78 ||   246
         Stone Arrow       |       |     2 |    62 |   250 ||   314
         Passwall          |       |       |     3 |       ||     3
    Use: Scroll            |       |       |     5 |    14 ||    19
 Armour: Robe              |    12 |    21 |    28 |   134 ||   195
  Dodge: Dodged            |    14 |    17 |    30 |   165 ||   226
